 Dungeon Crawl Stone Soup version 0.23-a0-183-gf37f6fb109 (webtiles) character file.

480 PikkenKukken the Chopper (level 7, 0/61 HPs)
             Began as a Hill Orc Fighter on Sept 21, 2018.
             Slain by a ynoxinul (7 damage)
             ... summoned by a kobold demonologist
             ... on level 6 of the Dungeon.
             The game lasted 00:04:33 (3231 turns).

PikkenKukken the Chopper (Hill Orc Fighter)         Turns: 3231, Time: 00:04:34

Health: 0/61       AC:  8    Str: 21    XL:     7   Next: 11%
Magic:  7/7        EV:  8    Int:  8    God:
Gold:   211        SH: 10    Dex: 10    Spells: 6/6 levels left

rFire    . . .     SeeInvis .   a - +0 war axe
rCold    . . .     Gourm    .   c - +1 shield
rNeg     . . .     Faith    .   b - +0 scale mail
rPois    .         Spirit   .   (no helmet)
rElec    .         Reflect  .   (no cloak)
rCorr    .         Harm     .   (no gloves)
MR       .....                  k - +0 pair of boots
Stlth    ..........             (no amulet)
HPRegen  0.20/turn              (no ring)
MPRegen  0.10/turn              (no ring)

@: no status effects
A: no striking features
a: Convert to Beogh


You were on level 6 of the Dungeon.
You were not hungry.

You visited 1 branch of the dungeon, and saw 4 of its levels.

You collected 211 gold pieces.

Inventory:

Hand Weapons
 a - a +0 war axe (weapon)
Armour
 b - a +0 scale mail (worn)
 c - a +1 shield (worn)
 k - a +0 pair of boots (worn)
Wands
 l - a wand of flame (23)
Scrolls
 e - a scroll of enchant armour
 n - a scroll of noise {unknown}
 o - a scroll of teleportation {unknown}
Potions
 d - 2 potions of might
 h - a potion of heal wounds
 i - a potion of berserk rage {unknown}
 j - a potion of brilliance
 m - a potion of curing {unknown}
Comestibles
 f - 2 rations
 g - a chunk of flesh


   Skills:
 + Level 5.0 Fighting
 * Level 6.0 Axes
 + Level 4.5 Armour
 + Level 2.0 Dodging
 + Level 4.7 Shields


You had 6 spell levels left.
You didn't know any spells.
Your spell library contained the following spells:

 Spells                   Type           Power        Failure   Level  Hunger
 Animate Skeleton         Necr           N/A          99%         1    ##.....
 Apportation              Tloc           #.....       99%         1    ##.....
 Confusing Touch          Hex            #.....       99%         1    ##.....
 Summon Small Mammal      Summ           #...         99%         1    ##.....


Dungeon Overview and Level Annotations

Branches:
Dungeon (3/15)

Altars:

Annotations:
D:6 1 transporter


Message History

Pain shoots through your body!
* * * LOW HITPOINT WARNING * * *
The orc priest mumbles some strange prayers to Beogh against you.
You struggle to resist.
You block the sixfirhy's attack.
You closely miss the sixfirhy. You closely miss the ynoxinul.
The sixfirhy completely misses you.
The sixfirhy hits you but does no damage.
The sixfirhy hits you.
* * * LOW HITPOINT WARNING * * *
The sixfirhy shocks you!
* * * LOW HITPOINT WARNING * * *
The sixfirhy completely misses you.
The ynoxinul gestures.
You miss the sixfirhy. You hit the ynoxinul.
Your shield prevents you from hitting the ufetubus.
You block the sixfirhy's attack.
The orc priest looks satisfied for a moment.
The ufetubus hits you but does no damage.
The ufetubus barely misses you. The ynoxinul hits you!
You die...

#.. ##....##.#
#.###........## #..
##.....©.......##...
...#########.##.....
...#8P.©.P8#.# .....
.#.#P././.P#.##.....
...####'####.#......
...#o≈.53≈K#.......#
##.#o≈.@3≈5#....#..#
#.#5≈5≈≈≈o#...##.#
#.#.≈≈⌠P≈o#..##..##
#.#.≈≈≈≈≈.#..#..... #
#.#.≈...≈.#......%. ..
#.#.≈...≈.#...#####
#.. #.####+####..##
#..# #.#≈.).!.≈#...#
##..#
..#8P$©$P8#...####...#


You could see a kobold demonologist, a sixfirhy, a ynoxinul, 4 orc priests, 2
shadow imps and 2 ufetubi.

Vanquished Creatures
  Menkaure (D:6)
  2 orc wizards
  Ijyb (D:3)
  Natasha (thrice) (D:2)
  A worker ant (D:2)
  A killer bee zombie (D:6)
  7 adders
  2 worms (D:2)
  2 dart slugs
  4 leopard geckos
  4 orcs (D:3)
  5 goblins
  10 hobgoblins
  10 jackals
  2 quokkas
  2 ball pythons
  13 bats
  9 frilled lizards
  8 kobolds
  5 rats
92 creatures vanquished.

Notes
Turn   | Place    | Note
-------+----------+-------------------------------------------
     0 | D:1      | PikkenKukken the Hill Orc Fighter began the quest for the
                  | Orb.
     0 | D:1      | Reached XP level 1. HP: 19/19 MP: 1/1
    42 | D:1      | Reached skill level 3 in Axes
    57 | D:1      | Reached XP level 2. HP: 27/27 MP: 2/2
   554 | D:1      | Reached XP level 3. HP: 29/33 MP: 3/3
  1061 | D:2      | Noticed Natasha
  1065 | D:2      | Killed Natasha
  1065 | D:2      | Reached skill level 4 in Axes
  1065 | D:2      | Reached XP level 4. HP: 31/40 MP: 4/4
  1086 | D:2      | Reached skill level 1 in Dodging
  1543 | D:2      | Noticed Natasha
  1557 | D:2      | Killed Natasha
  1557 | D:2      | Reached XP level 5. HP: 26/46 MP: 5/5
  2173 | D:2      | Noticed Natasha
  2184 | D:2      | Killed Natasha
  2519 | D:2      | Reached skill level 5 in Axes
  2519 | D:2      | Reached XP level 6. HP: 43/53 MP: 6/6
  2751 | D:3      | Noticed Ijyb
  2760 | D:3      | Killed Ijyb
  2965 | D:3      | You fall through a shaft for 3 floors!
  3146 | D:6      | Found a transporter.
  3147 | D:6      | Noticed a kobold demonologist
  3167 | D:6      | Noticed Menkaure
  3175 | D:6      | Killed Menkaure
  3175 | D:6      | Reached skill level 5 in Fighting
  3175 | D:6      | Reached skill level 6 in Axes
  3175 | D:6      | Reached XP level 7. HP: 11/61 MP: 7/7
  3210 | D:6      | Found a transporter.
  3228 | D:6      | Noticed a sixfirhy
  3229 | D:6      | Noticed a ynoxinul
  3231 | D:6      | Slain by a ynoxinul

Vault maps used:
D:1:      dpeg_arrival_long_road
D:2:      first_ration, serial_forest, infiniplex_forest_3_way,
          infiniplex_forest_zigzag_2, infiniplex_forest_straight_3,
          infiniplex_forest_clump_small, infiniplex_forest_lined_room_2,
          infiniplex_forest_lined_room_2, uniq_natasha
D:3:      uniq_grinder, uniq_ijyb
D:6:      gammafunk_wand_slinger, nrook_mini_vaults, kennysheep_dice,
          uniq_eustachio, uniq_menkaure

Skill      XL: |  1  2  3  4  5  6 |
---------------+-------------------+-----
Axes           | 3 4 5 6 |  6.0
Fighting       | 4 5 |  5.0
Dodging        | 1 2 |  2.0
Shields        | 4 |  4.7
Armour         | 4 |  4.5

Action                   |  1- 3 |  4- 6 |  7- 9 || total
-------------------------+-------+-------+-------++-------
Melee: War axe           |   101 |   200 |     3 ||   304
  Use: Scroll            |     3 |     3 |       ||     6
  Eat: Chunk             |     1 |     7 |       ||     8
Armor: Scale mail        |    49 |    79 |     2 ||   130
Dodge: Dodged            |    42 |    67 |     4 ||   113
Block: Shield            |    63 |   125 |     3 ||   191

Table legend:
 A = Non-vault XP
 B = Vault XP
 C = Vault XP percentage of total XP
 D = Non-vault monster count
 E = Vault monster count
 F = Vault count percentage of total count
                 A         B        C        D         E       F
            +---------+---------+-------+---------+---------+-------
      Total |     443 |     243 |  35.4 |      89 |       3 |   3.3
            +---------+---------+-------+---------+---------+-------
        D:1 |      39 |       0 |   0.0 |      25 |       0 |   0.0
        D:2 |     264 |      35 |  11.7 |      39 |       1 |   2.5
        D:3 |      86 |      36 |  29.5 |      22 |       1 |   4.3
        D:6 |      54 |     172 |  76.1 |       3 |       1 |  25.0
            +---------+---------+-------+---------+---------+-------
